 Dungeon Crawl Stone Soup version 0.23.2-33-g5129a83184 (webtiles) character file.

Game seed: 657765175460138412

194 Folque the Caller (level 6, -2/44 HPs)
             Began as a Human Summoner on June 28, 2019.
             Slain by a howler monkey (8 damage)
             ... on level 7 of the Dungeon.
             The game lasted 00:09:50 (2451 turns).

Folque the Caller (Human Summoner)                  Turns: 2451, Time: 00:09:51

Health: -2/44      AC:  2    Str:  8    XL:     6   Next: 3%
Magic:  1/11       EV: 12    Int: 18    God:
Gold:   140        SH:  0    Dex: 13    Spells: 2/12 levels left

rFire    . . .     SeeInvis .   d - +1 whip
rCold    . . .     Gourm    .   (no shield)
rNeg     . . .     Faith    .   a - +0 robe
rPois    .         Spirit   .   (no helmet)
rElec    .         Reflect  .   (no cloak)
rCorr    .         Harm     .   (no gloves)
MR       .....                  (no boots)
Stlth    ++........             (no amulet)
HPRegen  0.14/turn              (no ring)
MPRegen  0.12/turn              (no ring)

@: no status effects
A: no striking features
a: no special abilities


You were on level 7 of the Dungeon.
You were hungry.

You visited 1 branch of the dungeon, and saw 5 of its levels.

You collected 140 gold pieces.

Inventory:

Hand Weapons
 b - a +3 hand axe
 d - a +1 whip (weapon)
Missiles
 e - 16 poisoned needles
 f - 37 sling bullets
 n - 7 needles of sleeping
Armour
 a - a +0 robe (worn)
 h - a cursed +0 leather armour
 p - a +0 pair of gloves
Jewellery
 u - an uncursed ring of positive energy {unknown}
Wands
 j - a wand of disintegration (23)
Scrolls
 g - 6 scrolls of teleportation
 q - a scroll of random uselessness {unknown}
 r - a scroll of enchant armour {unknown}
 t - a scroll of remove curse {unknown}
Potions
 k - 2 potions of lignification
 l - a potion of brilliance {unknown}
 m - 2 potions of curing {unknown}
 o - a potion of might
 s - a potion of resistance {unknown}
 v - a potion of berserk rage {unknown}
 w - a potion of agility {unknown}
Comestibles
 c - 8 rations
 i - 6 chunks of flesh


   Skills:
 - Level 2.0 Fighting
 - Level 2.0 Dodging
 - Level 2.0 Stealth
 * Level 3.9 Spellcasting
 + Level 4.7 Summonings
 * Level 1.3 Air Magic


You had 2 spell levels left.
You knew the following spells:

 Your Spells              Type           Power        Failure   Level  Hunger
a - Summon Small Mammal   Summ           ###.         1%          1    None
b - Call Imp              Summ           ###.....     3%          2    ##.....
c - Call Canine Familiar  Summ           ###.....     6%          3    ###....
d - Summon Lightning Spi  Summ/Air       ##......     38%         4    ####...

Your spell library contained the following spells:

 Spells                   Type           Power        Failure   Level  Hunger
 Summon Guardian Golem    Hex/Summ       ##......     17%         3    ###....
 Summon Ice Beast         Ice/Summ       ##......     50%         4    ####...


Dungeon Overview and Level Annotations

Branches:
Dungeon (4/15)
 Temple: D:4-7

Altars:
Elyvilon
Uskayaw
Yredelemnul


Message History

You kill the bullfrog!
Your Air Magic skill increases to level 1!
You have reached level 6!
Your experience leads to an increase in your attributes!
Increase (S)trength, (I)ntelligence, or (D)exterity?
You feel clever.
Your crimson imp closely misses the howler monkey.
The howler monkey misses you.
Your crimson imp blinks!
There is a stone staircase leading down here.
The howler monkey hoots and howls with incredible vigour!
An ooze comes into view.
The ooze quivers.
You hear an angry hiss.
You hear a shout! x3; You hear an angry hiss.
You hear a howl!
You hear a shout!
Your crimson imp blinks!
Casting: Call Imp (safe; 3% risk of failure)
Confirm with . or Enter, or press ? or * to list all spells.
The howler monkey hits you!
You die...

......(Z...#####
................
..........###########
#######....J.Z.h...F.
##...########## #...#
#..... #...# ###.....
#######...# #.†...##
+..@h...>.###§###.#
####b...........#.#
#...........##.#
#..............#
#...........####
####........#
#####+####


You could see a howler monkey and a friendly bat.

Vanquished Creatures
  A bullfrog (D:7)
  A crimson imp (D:3)
  4 dart slugs (D:1)
  5 bats
  A giant cockroach (D:2)
  6 goblins
  A hobgoblin (D:2)
  4 kobolds
  3 frilled lizards
  4 rats
30 creatures vanquished.

Vanquished Creatures (collateral kills)
  A howler monkey (D:7)
  A jelly (D:7)
  A hound (D:4)
  A hound skeleton (D:7)
  An adder (D:3)
  An ooze (D:1)
  A dart slug (D:4)
  2 leopard geckos
  An orc (D:4)
  3 giant cockroaches
  A goblin (D:2)
  4 hobgoblins
  2 quokkas
  3 bats
  2 kobolds (D:1)
  A leopard gecko skeleton (D:4)
  A quokka zombie (D:4)
  3 rats
30 creatures vanquished.

Grand Total: 60 creatures vanquished

Notes
Turn   | Place    | Note
-------+----------+-------------------------------------------
     0 | D:1      | Folque the Human Summoner began the quest for the Orb.
     0 | D:1      | Reached XP level 1. HP: 13/13 MP: 3/3
   107 | D:1      | Reached XP level 2. HP: 7/20 MP: 3/5
   120 | D:1      | Learned a level 2 spell: Call Imp
   493 | D:1      | Reached XP level 3. HP: 18/25 MP: 4/6
   506 | D:1      | Learned a level 3 spell: Call Canine Familiar
   523 | D:1      | Reached skill level 1 in Fighting
  1429 | D:2      | Found a white marble altar of Elyvilon.
  1506 | D:2      | Found a basalt altar of Yredelemnul.
  1757 | D:2      | Reached XP level 4. HP: 32/32 MP: 6/8
  2027 | D:3      | Found a hide-covered altar of Uskayaw.
  2299 | D:4      | Reached XP level 5. HP: 22/38 MP: 0/10
  2346 | D:4      | You fall through a shaft for 3 floors!
  2361 | D:7      | Learned a level 4 spell: Summon Lightning Spire
  2402 | D:7      | Noticed a bullfrog
  2440 | D:7      | Killed a bullfrog
  2440 | D:7      | Reached skill level 1 in Air Magic
  2440 | D:7      | Reached XP level 6. HP: 4/44 MP: 0/11
  2451 | D:7      | Slain by a howler monkey

Skill      XL: |  1  2  3  4  5 |
---------------+----------------+-----
Fighting       | 1 2 |  2.0
Spellcasting   | 3 |  3.9
Air Magic      | 1 |  1.3
Dodging        | |  2.0
Stealth        | |  2.0
Summonings     | |  4.7

Action                   |  1- 3 |  4- 6 || total
-------------------------+-------+-------++-------
Melee: Whip              |   129 |    49 ||   178
 Cast: Summon Small Mamm |     9 |     3 ||    12
       Call Imp          |     8 |     9 ||    17
       Call Canine Famil |     1 |     6 ||     7
  Use: Scroll            |     3 |       ||     3
 Stab: Sleeping          |     4 |     1 ||     5
       Distracted        |       |     1 ||     1
  Eat: Chunk             |     4 |     2 ||     6
Armor: Robe              |    24 |    17 ||    41
Dodge: Dodged            |    87 |    41 ||   128
